 Dungeon Crawl Stone Soup version 0.27.1-15-g792fb953b9 (webtiles) character file.

Game seed: 11471312701516717116

784 unlimited1921 the Skirmisher (level 7, -1/71 HPs)
             Began as a Troll Fighter on Nov 19, 2021.
             Killed from afar by a hobgoblin (16 damage)
             ... with a bolt of acid
             ... on level 4 of the Dungeon.
             The game lasted 00:14:55 (4595 turns).

unlimited1921 the Skirmisher (Troll Fighter)        Turns: 4595, Time: 00:14:55

Health: -1/71      AC:  0    Str: 27    XL:     7   Next: 55%
Magic:  15/15      EV:  8    Int:  4    God:
Gold:   156        SH:  9    Dex:  9    Spells: 6/6 levels left

rFire    . . .     SeeInvis .   a - +0 long sword
rCold    . . .     Faith    .   c - +0 kite shield
rNeg     . . .     Spirit   .   b - +0 robe
rPois    .         Reflect  .   (helmet restricted)
rElec    .         Harm     .   (no cloak)
rCorr    .         Rampage  .   (gloves unavailable)
Will     .....                  (boots unavailable)
Stlth    +.........             u - amulet of regeneration
HPRegen  2.21/turn              h - ring of magical power
MPRegen  0.14/turn              (no ring)

@: corroded
A: large, unfitting armour, claws 3, regeneration 1, shaggy fur 1, tough skin 1
a: no special abilities


You were on level 4 of the Dungeon.
You visited 1 branch of the dungeon, and saw 5 of its levels.

You collected 156 gold pieces.

Inventory:

Hand Weapons
 a - a +0 long sword (weapon)
 m - a +0 dagger of speed
 q - a +0 morningstar
 v - a +1 short sword of speed
 y - a +0 club
Missiles
 r - 5 boomerangs (quivered)
 w - 2 poisoned darts
Armour
 b - a +0 robe (worn)
 c - a +0 kite shield (worn)
Jewellery
 h - a ring of magical power (left claw)
 u - an amulet of regeneration (around neck)
Wands
 t - a wand of acid (7)
 x - a wand of digging (8)
Scrolls
 f - 2 scrolls of fog {unknown}
 k - 2 scrolls of immolation {unknown}
 l - 2 scrolls of identify {unknown}
 n - a scroll of enchant weapon {unknown}
Potions
 d - 2 potions of might
 e - 2 potions of cancellation {unknown}
 g - 2 potions of heal wounds {unknown}
 i - 2 potions of attraction {unknown}
 j - 3 potions of lignification {unknown}
 o - a potion of degeneration {unknown}
 p - a potion of haste {unknown}
 s - 2 potions of brilliance {unknown}
 z - a potion of curing {unknown}


   Skills:
 * Level 4.5 Fighting
 + Level 4.3 Long Blades
 + Level 3.7 Dodging
 + Level 0.1 Stealth
 + Level 3.9 Shields


You had 6 spell levels left.
You didn't know any spells.
Your spell library was empty.

Dungeon Overview and Level Annotations

Branches:
Dungeon (5/15)
 Temple: D:4-7

Altars:


Innate Abilities, Weirdness & Mutations

You are too large for most types of armour.
You have claws for hands.
Your natural rate of healing is unusually fast.
You are covered in fur. (AC +1)
You have tough skin. (AC +1)


Message History

You slash the dart slug!
You kill the dart slug!
No target in view!
No target in view!
No target in view!
Found 10 gold pieces.
You now have 156 gold pieces (gained 10).
Found a hunting sling.
A ball python comes into view.
Found an escape hatch in the floor.
Found 2 fizzy inky potions.
The helpless ball python fails to defend itself.
You hit the ball python.
You kill the ball python!
No target in view!
No target in view!
j - 3 fizzy inky potions (gained 2)
A hobgoblin comes into view. It is carrying a wand of acid (11).
No target in view!
No target in view!
No target in view!
No target in view!
No target in view!
The hobgoblin shouts!
The hobgoblin zaps a wand.
The bolt of acid hits you!!
You are splashed with acid!
You hit the hobgoblin.
The hobgoblin is almost dead.
The hobgoblin zaps a wand.
The bolt of acid hits you! The acid corrodes you!
You are splashed with acid!
* * * LOW HITPOINT WARNING * * *
The hobgoblin closely misses you.
You riposte.
You hit the hobgoblin but do no damage.
The hobgoblin is almost dead.
Press: ? - help, v - describe, . - travel
Here: a hobgoblin, carrying a wand of acid (9) (almost dead)
The floor.
Unknown command.
The hobgoblin zaps a wand.
The bolt of acid hits you!
You die...

... .. ....... #
....... .......
....... # ....... #
....... #. #
......g############...
##
........@............#
.#
....##...............#
.# . ##..............#
.# #..##...........
.## ##..#...........
..# #..#...........
..# ##.............
..# ##............ ..#
#......>.....


You could see a hobgoblin.

Vanquished Creatures
  A water moccasin (D:5)
  A necrophage (D:5)
  A centaur (D:5)
  3 scorpions (D:5)
  A water moccasin zombie (D:5)
  2 hounds (D:5)
  An orc priest (D:5)
  Robin (D:4)
  A howler monkey skeleton (D:5)
  4 adders
  6 river rats (D:5)
  2 white imps (D:5)
  An ufetubus (D:5)
  4 worms
  2 dart slugs
  2 orcs (D:5)
  5 ball pythons
  3 endoplasms
  11 goblins
  7 hobgoblins
  3 jackals (D:1)
  2 quokkas
  4 bats
  3 frilled lizards
  2 kobolds
  4 rats
77 creatures vanquished.

Notes
Turn   | Place    | Note
-------+----------+-------------------------------------------
     0 | D:1      | unlimited1921 the Troll Fighter began the quest for the
                  | Orb.
     0 | D:1      | Reached XP level 1. HP: 22/22 MP: 0/0
   194 | D:1      | Reached XP level 2. HP: 29/29 MP: 1/1
   404 | D:1      | Found a faded altar of an unknown god.
  1123 | D:2      | Reached XP level 3. HP: 36/36 MP: 2/2
  1498 | D:3      | You fall into a shaft and drop 2 floors!
  1498 | D:5      | Entered Level 5 of the Dungeon
  1541 | D:5      | Reached XP level 4. HP: 38/45 MP: 3/3
  1635 | D:5      | Reached XP level 5. HP: 36/53 MP: 4/4
  1811 | D:5      | Noticed a necrophage
  1829 | D:5      | Killed a necrophage
  1830 | D:5      | Reached XP level 6. HP: 48/62 MP: 5/5
  1980 | D:5      | Noticed a water moccasin
  1991 | D:5      | Killed a water moccasin
  2645 | D:5      | Reached XP level 7. HP: 43/70 MP: 6/6
  4415 | D:4      | Noticed Robin
  4462 | D:4      | Killed Robin
  4595 | D:4      | Killed from afar by a hobgoblin

Illustrated notes

Levels and vault maps discovered:
D:1:      dpeg_arrival_arbitrary_b, layout_loops_ring,
          ebering_ecumenical_altar_box
D:2:      layout_loops_ring
D:3:      layout_loops_ring, kennysheep_cluttered_room
D:4:      layout_cave_pods, minmay_rat_hole, uniq_robin
D:5:      layout_loops_ring, lightli_sewer_entry_pipes

Skill      XL: |  1  2  3  4  5  6  7 |
---------------+----------------------+-----
Long Blades    | 2 3 4 |  4.3
Fighting       | 3 4 |  4.5
Shields        | 3 |  3.9
Dodging        | 3 |  3.7
Stealth        | |  0.1

Action                   |  1- 3 |  4- 6 |  7- 9 || total
-------------------------+-------+-------+-------++-------
Melee: Long sword        |   124 |    72 |   129 ||   325
Throw: Boomerang         |       |       |     1 ||     1
 Stab: Sleeping          |       |       |     1 ||     1
Armor: Robe              |    42 |    20 |    29 ||    91
Dodge: Dodged            |    53 |    27 |    50 ||   130
Block: Kite shield       |    64 |    44 |    70 ||   178
       Rpst.: Long sword |    17 |     6 |    22 ||    45
